Map: [ESL] Gresvan

Players

Lambo - Winner!

  • Race: Zerg Zerg
  • Spawn Location: 11:00

Harstem

  • Race: Protoss Protoss
  • Spawn Location: 5:00

Event: ESL SC2 Masters 2023 Summer (Regionals)

VOD

Have the link to the VOD?

Description

Time

  • Played on: May 17, 2023, 11:20 a.m.
  • Length: 8:35

All games in this series

Show
View Real Time Build Order
Export as new Build Order

Lambo Zerg - Winner!

Build Orders: Hatch First 

Get SALT Encoding   

  12  0:00  Drone  
  13  0:12  Overlord  
  13  0:17  Drone  
  14  0:31  Drone x2  
  16  0:47  Hatchery  
  15  0:51  Drone  
  15  0:55  Drone  
  17  0:59  Drone  
  18  1:10  Extractor  
  17  1:13  Spawning Pool  
  17  1:17  Drone  
  17  1:21  Drone  
  18  1:28  Drone  
  19  1:38  Drone  
  20  1:50  Drone  
  21  2:00  Queen  
  21  2:01  Queen, Zergling x2, Overlord  
  26  2:10  Drone x2  
  26  2:13  Metabolic Boost  
  28  2:21  Drone x2  
  30  2:31  Drone  
  30  2:32  Drone  
  32  2:37  Hatchery  
  32  2:42  Drone  
  32  2:43  Overlord  
  32  2:50  Queen  
  34  2:53  Drone  
  34  2:55  Drone  
  36  3:01  Queen  
  38  3:06  Overlord  
  38  3:09  Zergling x2  
  39  3:14  Drone x4  
  43  3:20  Overlord  
  43  3:25  Queen  
  45  3:28  Drone  
  45  3:29  Drone  
  47  3:37  Drone x2  
  47  3:40  Queen  
  51  3:41  Overlord  
  51  3:43  Drone x2  
  51  3:47  Drone  
  54  3:49  Overlord  
  54  3:52  Drone  
  54  3:55  Queen  
  56  3:57  Spore Crawler  
  56  4:01  Drone x2  
  57  4:06  Drone  
  57  4:07  Zergling x6  
  61  4:10  Zergling x2  
  61  4:14  Drone, Spore Crawler  
  61  4:15  Drone x2  
  64  4:19  Zergling x4  
  64  4:24  Drone  
  67  4:26  Drone  
  67  4:29  Roach Warren  
  67  4:30  Drone  
  67  4:31  Extractor  
  67  4:33  Drone  
  68  4:39  Drone x6  
  68  4:44  Overlord, Lair  
  73  4:55  Extractor, Drone x2  
  73  4:57  Extractor, Overlord, Evolution Chamber  
  73  4:58  Drone x2  
  74  5:00  Overlord  
  74  5:03  Overlord  
  74  5:04  Drone x4  
  77  5:07  Drone x3  
  77  5:10  Drone  
  77  5:13  Overlord  
  81  5:18  Overlord  
  81  5:19  Drone x4  
  85  5:23  Extractor  
  85  5:24  Drone  
  85  5:25  Extractor  
  84  5:30  Zerg Missile Weapons Level 1, Drone  
  84  5:32  Queen  
  84  5:34  Overlord  
  87  5:35  Zergling x2  
  87  5:36  Zergling x8  
  92  5:44  Zergling x10  
  95  5:52  Spore Crawler, Glial Reconstitution  
  95  5:55  Drone  
  95  5:58  Drone  
  95  5:59  Queen  
  95  6:01  Pneumatized Carapace  
  95  6:03  Hatchery  
  97  6:04  Drone  
  97  6:05  Drone  
  97  6:07  Drone  
  97  6:08  Queen  
  102  6:11  Roach x3  
  102  6:16  Drone x2  
  112  6:18  Roach x3  
  115  6:26  Drone  
  115  6:31  Roach x3  
  121  6:39  Roach, Overlord x3  
  122  6:40  Overlord  
  122  6:41  Overlord  
  122  6:55  Overlord  
  122  6:57  Queen x3, Overlord  
  122  7:00  Roach x5  
  137  7:11  Roach x6  
  137  7:12  Roach  
  137  7:14  Ravager x8  
  159  7:16  Roach  
  159  7:19  Overlord  
  165  7:23  Roach x3  
  165  7:26  Roach  
  165  7:27  Roach  
  171  7:34  Roach x5  
  180  7:37  Overlord  
  180  7:39  Overlord  
  180  7:42  Roach x3  
  186  7:50  Roach x3  
  190  7:52  Overlord  
  190  7:56  Roach x5  
  198  8:00  Roach  
  196  8:15  Roach x3  
  199  8:29  Ravager x2  
  199  8:30  Ravager  
Show
View Real Time Build Order
Export as new Build Order

Harstem Protoss 

Build Orders: 1 Gate Expand, Oracle Opening 

Get SALT Encoding   

  12  0:00  Probe  
  13  0:12  Probe  
  14  0:17  Pylon  
  14  0:24  Probe (Chrono Boost)  
  15  0:36  Probe (Chrono Boost)  
  15  0:38  Gateway  
  16  0:45  Probe (Chrono Boost)  
  17  0:50  Assimilator  
  17  0:51  Probe  
  18  1:03  Probe  
  19  1:15  Probe  
  20  1:25  Nexus  
  20  1:34  Cybernetics Core  
  20  1:37  Probe  
  21  1:43  Assimilator  
  21  1:49  Probe  
  21  1:53  Pylon  
  22  2:01  Probe  
  23  2:09  Adept (Chrono Boost)  
  23  2:13  Probe  
  26  2:19  Stargate  
  26  2:25  Probe  
  26  2:28  Warp Gate  
  29  2:37  Probe (Chrono Boost)  
  29  2:39  Stalker  
  29  2:42  Probe (Chrono Boost)  
  31  2:48  Probe (Chrono Boost)  
  33  2:52  Probe (Chrono Boost)  
  33  2:53  Probe (Chrono Boost)  
  34  3:02  Probe, Oracle (Chrono Boost)  
  34  3:03  Probe  
  39  3:13  Pylon  
  39  3:14  Probe  
  39  3:16  Probe  
  41  3:23  Gateway  
  41  3:26  Probe  
  44  3:28  Probe  
  44  3:30  Oracle (Chrono Boost)  
  46  3:37  Adept  
  46  3:38  Probe  
  46  3:40  Probe  
  50  3:52  Probe  
  50  3:54  Probe  
  51  3:58  Pylon  
  51  4:01  Nexus  
  51  4:04  Probe, Pylon  
  51  4:06  Probe  
  51  4:08  Assimilator  
  53  4:10  Assimilator  
  53  4:14  Twilight Council  
  53  4:16  Probe  
  54  4:20  Probe (Chrono Boost)  
  54  4:22  Adept  
  57  4:28  Forge  
  59  4:32  Probe (Chrono Boost)  
  59  4:34  Probe (Chrono Boost)  
  59  4:39  Probe (Chrono Boost)  
  59  4:40  Stalker  
  59  4:41  Probe (Chrono Boost)  
  59  4:42  Stalker  
  65  4:46  Probe  
  65  4:49  Blink (Chrono Boost)  
  65  4:52  Probe  
  65  4:58  Probe  
  66  5:00  Protoss Ground Weapons Level 1 (Chrono Boost)  
  66  5:03  Stalker  
  66  5:04  Probe  
  69  5:11  Probe  
  69  5:13  Pylon  
  70  5:14  Stalker  
  70  5:16  Probe  
  70  5:17  Probe  
  70  5:20  Shield Battery  
  74  5:23  Probe  
  75  5:28  Probe, Robotics Facility  
  75  5:29  Probe  
  75  5:35  Probe, Stalker  
  78  5:37  Stalker  
  78  5:40  Probe  
  78  5:41  Probe  
  84  5:42  Templar Archives  
  84  5:48  Probe  
  83  5:52  Probe  
  83  5:53  Assimilator  
  83  5:54  Probe  
  83  5:56  Assimilator  
  85  5:58  Gateway  
  85  6:00  Probe, Gateway  
  85  6:03  Pylon, Stalker x2  
  90  6:07  Probe  
  90  6:09  Probe  
  92  6:13  Probe, Pylon x2  
  92  6:16  Psionic Storm  
  93  6:20  Probe  
  92  6:26  Probe  
  92  6:27  Warp Prism  
  96  6:37  Gateway  
  96  6:39  High Templar x2  
  95  6:40  Charge (Chrono Boost)  
  95  6:41  Pylon, Photon Cannon  
  95  6:54  High Templar, Pylon  
  95  6:55  High Templar  
  95  6:57  Nexus  
  98  7:02  Probe  
  98  7:03  Probe  
  97  7:11  Pylon  
  97  7:12  Probe  
  97  7:14  Pylon  
  97  7:15  Immortal (Chrono Boost)  
  102  7:18  Gateway  
  102  7:20  High Templar, Gateway  
  104  7:24  Photon Cannon  
  104  7:26  Pylon  
  104  7:28  Zealot x3  
  110  7:38  Stalker  
  112  7:48  Probe, Pylon  
  112  7:49  Pylon  
  117  7:55  Stalker x4  
  125  8:01  Pylon  
  125  8:05  Stalker  
  119  8:20  Probe  
  119  8:25  Archon  
  119  8:26  Zealot x4, Gateway, Archon  
  118  8:30  Gateway  
Tags
 
Add a new tag
Caveats
  • Supply blocks, unpowered buildings, or Contaminate may cause inaccurate times.
  • Supply counts are checked every 10 seconds.